 Dungeon Crawl Stone Soup version 0.28-a0-803-g74956062c1 (webtiles) character file.

Game seed: 2392601525250837415

97068 Essalna the Arsonist (level 15, -9/117 HPs)
             Began as a Demonspawn Fire Elementalist on Nov 7, 2021.
             Was the Champion of Vehumet.
             Mangled by a death knight (16 damage)
             ... on level 14 of the Dungeon.
             The game lasted 01:03:43 (26236 turns).

Essalna the Arsonist (DsFE)                        Turns: 26236, Time: 01:03:43

Health: -9/117     AC: 12    Str:  8 (9)  XL:     15   Next: 71%
Magic:  32/40      EV: 17    Int: 21      God:    Vehumet [******]
Gold:   1286       SH:  0    Dex: 15      Spells: 20/39 levels left

rFire   + + +      SeeInvis +   N - staff of fire
rCold   + + .      Faith    .   (no shield)
rNeg    . . .      Spirit   .   i - +2 robe {rC+ rF+}
rPois   .          Reflect  .   (helmet unavailable)
rElec   .          Harm     .   r - +0 cloak
rCorr   .          Rampage  .   V - +0 pair of gloves
Will    +....                   p - +0 pair of boots
Stlth   ++........              K - amulet of magic regeneration
HPRegen 0.29/turn               a - ring of magical power
MPRegen 0.52/turn               n - ring of Zaypsehu {rF+ rC+ AC+4}

@: about to teleport, studying Maces & Flails
A: antennae 3, demonic guardian 1, powered by death 3, sturdy frame 3,
deterioration 1
a: Renounce Religion


You were on level 14 of the Dungeon.
You worshipped Vehumet.
Vehumet was exalted by your worship.
You visited 2 branches of the dungeon, and saw 21 of its levels.
You also visited: Sewer and Ice Cave.

You collected 1286 gold pieces.

Inventory:

Hand Weapons
 H - the +2 dagger "Arcanum" {pain, Contam MP+9 Int+3 Dex+3}
   (You found it on level 6 of the Dungeon)

   In the hands of one skilled in necromantic magic, it inflicts extra damage on
   living creatures.
   Int:       It affects your intelligence (+3).
   Dex:       It affects your dexterity (+3).
   MP:        It affects your magic capacity (+9).
   Contam:    It causes magical contamination when unequipped.
Armour
 i - a +2 robe of resistance (worn)
 p - a +0 pair of boots (worn)
 r - a +0 cloak (worn)
 V - a +0 pair of gloves (worn)
Magical Staves
 l - a staff of earth
 t - a staff of poison
 w - a staff of cold
 I - a staff of death
 N - a staff of fire (weapon)
Jewellery
 a - a ring of magical power (left hand)
 b - a +4 ring of evasion
 k - a ring of ice
 n - the ring of Zaypsehu (right hand) {rF+ rC+ AC+4}
   (You acquired it on level 12 of the Dungeon)

   [ring of protection]

   AC:        It affects your AC (+4).
   rF:        It protects you from fire.
   rC:        It protects you from cold.
 v - a ring of resist corrosion
 y - a ring of positive energy
 E - the ring "Wiqy" {EV+4 Int+4}
   (You took it off a necromancer on level 6 of the Lair of Beasts)

   [ring of evasion]

   EV:        It affects your evasion (+4).
   Int:       It affects your intelligence (+4).
 K - an amulet of magic regeneration (around neck)
 P - a ring of willpower
 W - a ring of poison resistance
Wands
 S - a wand of digging (4)
Scrolls
 d - 15 scrolls of identify
 e - 4 scrolls of amnesia
 g - 3 scrolls of enchant weapon
 h - 6 scrolls of teleportation
 j - 6 scrolls of magic mapping
 m - a scroll of enchant armour {unknown}
 B - a scroll of blinking {unknown}
 D - 3 scrolls of fog {unknown}
 J - 3 scrolls of torment {unknown}
 L - 2 scrolls of noise {unknown}
 M - 2 scrolls of vulnerability {unknown}
 Q - a scroll of summoning {unknown}
 U - a scroll of silence {unknown}
 X - 2 scrolls of brand weapon {unknown}
 Y - a scroll of immolation {unknown}
Potions
 c - 3 potions of brilliance
 f - 10 potions of curing {unknown}
 o - 2 potions of resistance
 q - 4 potions of cancellation {unknown}
 s - 4 potions of heal wounds {unknown}
 u - 6 potions of might
 x - 4 potions of haste {unknown}
 z - 3 potions of degeneration {unknown}
 A - 2 potions of lignification {unknown}
 C - 2 potions of invisibility {unknown}
 F - 2 potions of magic {unknown}
 G - a potion of ambrosia {unknown}
 O - 6 potions of attraction {unknown}
 R - a potion of experience {unknown}
 T - a potion of berserk rage {unknown}
 Z - 3 potions of mutation {unknown}


   Skills:
 + Level 10.9 Fighting
 - Level 5.0 Armour
 + Level 10.3 Dodging
 - Level 1.7 Stealth
 + Level 12.9 Spellcasting
 - Level 10.4 Conjurations
 + Level 13.0 Fire Magic
 + Level 8.7 Ice Magic


You had 20 spell levels left.
You knew the following spells:

 Your Spells              Type           Power      Damage    Failure   Level
a - Foxfire               Conj/Fire      100%       2x1d9     1%          1
b - Scorch                Fire           100%       2d10      1%          2
c - Flame Wave            Conj/Fire      76%        3d13      1%          4
d - Fireball              Conj/Fire      38%        3d16      1%          5
e - Ozocubu's Refrigerat  Ice            25%        4d10      28%         7

Your spell library contained the following spells:

 Spells                   Type           Power      Damage    Failure   Level
 Iskenderun's Battlesphe  Conj           55%        2d11      1%          5
 Shock                    Conj/Air       100%       1d9       1%          1
 Conjure Flame            Conj/Fire      76%        6-21      1%          3
 Inner Flame              Hex/Fire       57%        N/A       1%          3
 Ozocubu's Armour         Ice            50%        N/A       1%          3
 Beastly Appendage        Tmut           26%        N/A       4%          1
 Wereblood                Tmut           13%        N/A       8%          2
 Airstrike                Air            6%         N/A       13%         4
 Spider Form              Tmut/Pois      13%        N/A       14%         3
 Swiftness                Air            13%        N/A       14%         3
 Cause Fear               Hex            6%         N/A       43%         4
 Discord                  Hex            6%         N/A       100%        8


Dungeon Overview and Level Annotations

Branches:
Dungeon (15/15)            Temple (0/1) D:7            Lair (6/6) D:11
  Swamp (0/4) Lair:4        Snake (0/4) Lair:2        Slime (0/5) Lair:5
 Vaults (0/5) D:14          Sewer (visited)           IceCv (visited)
    Orc: D:9-12      Depths: D:15

Altars:
Cheibriados
Elyvilon
Fedhas
Gozag
Makhleb
Nemelex Xobeh
Qazlal
Sif Muna
Vehumet
Wu Jian
Xom
Yredelemnul
Zin
Jiyva

Shops:
D:1 ?   D:5 =   D:7 :   D:14 (

Annotations:
D:12 Azrael
Lair:6 exclusion: obsidian statue


Innate Abilities, Weirdness & Mutations

You have a pair of large antennae on your head. (SInv)
A weak demonic guardian rushes to your aid.
You regenerate a lot of health from kills.
Your movements are significantly less encumbered by armour. (ER -6)
Your body sometimes deteriorates upon taking damage.


Message History

The death knight is lightly wounded.
The death knight's fire resistance burns away.
The foxfire hits the death knight but does no damage.
The death knight is lightly wounded.
The foxfire hits the death knight but does no damage.
The death knight is lightly wounded.
The death knight mumbles some strange prayers to Yredelemnul against you.
Your body is wracked with pain!
Your foxfire dissipates!
Casting: Scorch (safe; 1% risk of failure)
Confirm with . or Enter, or press ? or * to list all spells.
Casting: Flame Wave (safe; 1% risk of failure)
Press: ? - help, Dir - look around, f - activate You feel a surge of power!
A wave of flame ripples out! (Press . to intensify the flame waves.)
The death knight completely misses you. The boulder beetle misses you.
The boulder beetle stops rolling and uncurls.
A wave of flame ripples out!
The flame wave engulfs the boulder beetle!!
The boulder beetle is moderately wounded.
The flame wave engulfs the death knight!!
The death knight is burned terribly!
The death knight is heavily wounded.
The death knight hits you from afar with a +3 glaive!
The boulder beetle bites you!
A wave of flame ripples out!
The flame wave engulfs the boulder beetle!!!
The boulder beetle is almost dead.
The flame wave engulfs the death knight!
The death knight is burned terribly!
The death knight is heavily wounded.
The death knight hits you from afar with a +3 glaive!!
* * * LOW HITPOINT WARNING * * *
A demonic guardian appears!
The boulder beetle bites you!
* * * LOW HITPOINT WARNING * * *
The death knight is no longer more vulnerable to fire.
As you read the scroll of teleportation, it crumbles to dust.
You feel strangely unstable.
The death knight hits you from afar with a +3 glaive!
You die...

#....#.........#..
..[..
#...)#..#######....
.... #...)...#
.##.##... #.......#
.#....... #.......#
....#.....
#.......#
..##.#....
#.....#.####
..#.....†
#.....#....#
.........
#.....#@...#
..#...#..
#.....#B...#
#...#..
#.....#p.4.#
#.....#
########...#
####..# ....#
#.##... ○....#
#...∩.. .....#
#....## .....#
###..## .######
#.###..##


You could see a death knight (ally target), a boulder beetle and a friendly
hellwing (summoned).

Vanquished Creatures
  Rupert (Lair:4)
  Frances (D:14)
  3 dire elephants (Lair:6)
  Fannar (D:11)
  Harold (Lair:2)
  13 hydras
  2 boulder beetles (D:12)
  A catoblepas (Lair:3)
  2 ogre magi
  A centaur warrior (D:12)
  8 two-headed ogres
  A death knight (D:14)
  3 tengu warriors (D:14)
  A spectral death yak (Lair:6)
  6 skeletal warriors (D:14)
  A spectral anaconda (Lair:6)
  A deep elf archer (D:14)
  An orc knight (D:14)
  A deep elf pyromancer (D:12)
  2 deep elf zephyrmancers (D:14)
  Pikel (D:6)
  17 ugly things
  4 necromancers
  2 manticores
  27 elephants
  An ice statue (IceCv)
  9 black mambas
  5 cyclopes
  A centaur zombie (D:10)
  A dire elephant skeleton (Lair:6)
  3 unseen horrors
  3 centaur skeletons (D:14)
  10 cane toads
  9 komodo dragons
  4 freezing wraiths
  A kobold demonologist (D:9)
  An efreet (D:14)
  2 anaconda simulacra (IceCv)
  2 rime drakes
  4 entropy weaver simulacra (IceCv)
  11 ice devils (IceCv)
  2 trolls
  Prince Ribbit (D:6)
  2 polar bears
  A slime creature (D:12)
  15 blink frogs
  Grinder (D:3)
  2 spectral elephants (Lair:6)
  2 spriggans (Lair:2)
  6 wyverns
  2 shadows
  7 wraiths
  3 dire elephant simulacra (IceCv)
  42 yaks
  A steam dragon (D:10)
  8 vampire mosquitoes
  4 basilisks
  6 death yak simulacra
  A harpy simulacrum (IceCv)
  A swamp worm (D:9)
  An acid dragon (D:9)
  A naga (Lair:2)
  A two-headed ogre zombie (D:12)
  17 water moccasins
  A hell hound (D:13)
  9 orc warriors
  2 sky beasts
  An ice beast (D:7)
  2 ogres
  4 black bears
  14 wolves
  14 centaurs
  A lemure (D:6)
  An elephant skeleton (Lair:6)
  2 phantoms
  2 kobold brigands
  A two-headed ogre simulacrum (IceCv)
  20 bullfrogs
  A gnoll sergeant (D:9)
  8 cane toad simulacra
  4 scorpions
  A water moccasin skeleton (D:6)
  4 elephant simulacra
  2 troll zombies (D:12)
  14 killer bees
  3 wights (D:10)
  6 electric eels
  6 howler monkeys
  A bullfrog zombie (D:6)
  2 hounds
  7 orc priests
  2 bullfrog skeletons
  3 iguanas
  11 orc wizards
  A troll simulacrum (IceCv)
  Natasha (thrice) (D:4)
  A spriggan simulacrum (IceCv)
  6 wolf simulacra (IceCv)
  7 polar bear simulacra
  A killer bee zombie (D:4)
  4 ogre zombies (D:12)
  2 howler monkey zombies
  9 gnolls
  12 adders
  A naga simulacrum (IceCv)
  5 river rats (Sewer)
  2 white imps
  4 ufetubi
  An adder skeleton (D:2)
  A worm (D:4)
  2 dart slugs
  37 orcs
  19 ball pythons
  3 bats
  8 endoplasms
  5 giant cockroaches
  8 goblins
  7 hobgoblins
  A quokka (D:2)
  6 frilled lizards
  A goblin zombie (D:12)
  A hobgoblin skeleton (D:12)
  A hobgoblin zombie (D:12)
  15 kobolds
  6 orc skeletons (D:12)
  13 orc zombies (D:12)
  26 rats
664 creatures vanquished.

Vanquished Creatures (collateral kills)
  Gastronok (Lair:3)
  An elephant (Lair:6)
  A centaur skeleton (D:14)
  A yak (Lair:5)
  A water moccasin (Lair:5)
  An elephant zombie (Lair:6)
  A bullfrog (Lair:5)
  A polar bear simulacrum (Lair:5)
  31 foxfires
39 creatures vanquished.

Vanquished Creatures (others)
  A yak (D:9)
  2 centaurs (D:9)
  An ogre zombie (D:12)
  An orc zombie (D:12)
  1995 foxfires
  42 fungi
  74 plants
  24 withered plants (Lair:6)
2140 creatures vanquished.

Grand Total: 2843 creatures vanquished

Notes
Turn   | Place    | Note
-------+----------+-------------------------------------------
     0 | D:1      | Essalna the Demonspawn Fire Elementalist began the quest
                  | for the Orb.
     0 | D:1      | Reached XP level 1. HP: 13/13 MP: 3/3
   162 | D:1      | Found a faded altar of an unknown god.
   261 | D:1      | Gained mutation: You regenerate a little health from kills.
                  | [demonic ancestry]
   261 | D:1      | Reached XP level 2. HP: 19/19 MP: 0/5
   714 | D:1      | Reached skill level 3 in Fire Magic
  1046 | D:1      | Found Vewinoma's Magic Scroll Shop.
  1155 | D:1      | Gained mutation: You have a pair of small antennae on your
                  | head. [demonic ancestry]
  1155 | D:1      | Reached XP level 3. HP: 24/24 MP: 2/6
  1455 | D:1      | Learned a level 2 spell: Scorch
  2398 | D:2      | Found a shimmering blue altar of Sif Muna.
  2628 | D:3      | Found a radiant altar of Vehumet.
  2676 | D:3      | Gained mutation: You regenerate health from kills. [demonic
                  | ancestry]
  2676 | D:3      | Reached XP level 4. HP: 30/30 MP: 0/8
  2724 | D:3      | Became a worshipper of Vehumet
  2854 | D:3      | Noticed Grinder
  3543 | D:4      | Noticed a sky beast
  3553 | D:4      | Killed a sky beast
  3554 | D:4      | Reached XP level 5. HP: 35/35 MP: 2/10
  3638 | D:4      | Reached skill level 4 in Fire Magic
  3821 | D:4      | Gained mutation: A weak demonic guardian rushes to your
                  | aid. [demonic ancestry]
  3821 | D:4      | Reached XP level 6. HP: 41/41 MP: 7/11
  3946 | D:4      | Found a snail-covered altar of Cheibriados.
  4049 | D:4      | Reached * piety under Vehumet
  4049 | D:4      | Offered knowledge of Shock by Vehumet.
  4485 | D:4      | Noticed Natasha
  4489 | D:4      | Killed Natasha
  4756 | D:4      | Noticed Natasha
  4761 | D:4      | Killed Natasha
  4911 | D:4      | Noticed Natasha
  4916 | D:4      | Killed Natasha
  4966 | D:5      | Entered Level 5 of the Dungeon
  5119 | D:5      | Noticed a water moccasin
  5123 | D:5      | Killed a water moccasin
  5124 | D:5      | Reached XP level 7. HP: 46/46 MP: 8/13
  5232 | D:5      | Found a burning altar of Makhleb.
  5293 | D:5      | Reached skill level 5 in Fire Magic
  5401 | D:5      | Reached skill level 5 in Conjurations
  5498 | D:5      | Learned a level 4 spell: Flame Wave
  5618 | D:5      | Reached skill level 5 in Spellcasting
  5759 | D:5      | Found a blossoming altar of Fedhas.
  5823 | D:5      | Gained mutation: Your movements are slightly less
                  | encumbered by armour. (ER -2) [demonic ancestry]
  5823 | D:5      | Reached XP level 8. HP: 52/52 MP: 11/15
  5876 | D:5      | Found Xiqezxui's Jewellery Boutique.
  6273 | D:6      | Noticed Prince Ribbit
  6285 | D:6      | Killed Prince Ribbit
  6286 | D:6      | Reached skill level 6 in Fire Magic
  6314 | D:6      | Found a glowing drain.
  6319 | Sewer    | Entered a sewer
  6425 | Sewer    | Reached ** piety under Vehumet
  6425 | Sewer    | Offered knowledge of Searing Ray by Vehumet.
  6775 | Sewer    | Offered knowledge of Stone Arrow by Vehumet.
  6827 | Sewer    | Reached *** piety under Vehumet
  7094 | D:3      | Killed Grinder
  7520 | D:6      | Gained mutation: Your movements are less encumbered by
                  | armour. (ER -4) [demonic ancestry]
  7520 | D:6      | Reached XP level 9. HP: 57/57 MP: 14/18
  7705 | D:6      | Offered knowledge of Frozen Ramparts by Vehumet.
  7805 | D:6      | Reached skill level 7 in Fire Magic
  7897 | D:6      | Found a sparkling altar of Nemelex Xobeh.
  7914 | D:6      | Found a stormy altar of Qazlal.
  7915 | D:6      | Identified the +2 dagger "Arcanum" {pain, Contam MP+9 Int+3
                  | Dex+3}
  8221 | D:6      | Noticed Pikel
  8250 | D:6      | Killed Pikel
  8963 | D:7      | Reached **** piety under Vehumet
  9173 | D:7      | Reached skill level 8 in Fire Magic
  9200 | D:7      | Gained mutation: Your body sometimes deteriorates upon
                  | taking damage. [mutagenic glow]
  9265 | D:7      | Found Ezov Fou's Book Shop.
  9425 | D:7      | Offered knowledge of Ignite Poison by Vehumet.
  9555 | D:7      | Found a staircase to the Ecumenical Temple.
  9627 | D:8      | Gained mutation: You have a pair of antennae on your head.
                  | [demonic ancestry]
  9627 | D:8      | Reached XP level 10. HP: 63/63 MP: 18/21
  9677 | D:8      | Noticed a two-headed ogre
  9683 | D:8      | Killed a two-headed ogre
  9893 | D:8      | Found an ornate altar of the Wu Jian Council.
 10295 | D:8      | Found an opulent altar of Gozag.
 10356 | D:8      | Reached skill level 1 in Fighting
 10356 | D:8      | Reached skill level 1 in Armour
 11102 | D:9      | Noticed a two-headed ogre
 11108 | D:9      | Killed a two-headed ogre
 11109 | D:9      | Reached skill level 9 in Fire Magic
 11149 | D:9      | Found a shimmering altar of Xom.
 11430 | D:9      | Reached ***** piety under Vehumet
 11640 | D:9      | Offered knowledge of Sticky Flame by Vehumet.
 11647 | D:9      | Gained mutation: You regenerate a lot of health from kills.
                  | [demonic ancestry]
 11647 | D:9      | Reached XP level 11. HP: 72/74 MP: 13/23
 11864 | D:10     | Entered Level 10 of the Dungeon
 12138 | D:10     | Found a basalt altar of Yredelemnul.
 12744 | D:11     | Noticed Fannar
 12884 | D:11     | Killed Fannar
 13146 | D:11     | Noticed a cyan ugly thing
 13155 | D:11     | Noticed a five-headed hydra
 13160 | D:11     | Killed a cyan ugly thing
 13166 | D:11     | Killed a five-headed hydra
 13194 | D:11     | Noticed a two-headed ogre
 13201 | D:11     | Killed a two-headed ogre
 13202 | D:11     | Reached skill level 10 in Conjurations
 13287 | D:11     | Found a staircase to the Lair.
 14053 | D:12     | Noticed a deep elf pyromancer
 14057 | D:12     | Killed a deep elf pyromancer
 14057 | D:12     | Noticed a centaur warrior
 14058 | D:12     | Reached skill level 5 in Fighting
 14058 | D:12     | Reached skill level 5 in Dodging
 14072 | D:12     | Killed a centaur warrior
 14073 | D:12     | Gained mutation: Your movements are significantly less
                  | encumbered by armour. (ER -6) [demonic ancestry]
 14073 | D:12     | Reached XP level 12. HP: 25/86 MP: 19/25
 14160 | Lair:1   | Entered Level 1 of the Lair of Beasts
 14418 | Lair:1   | Identified the +0 leather armour of Defiance {Harm rElec
                  | Int+2}
 14628 | Lair:1   | Reached skill level 5 in Armour
 14628 | Lair:1   | Reached skill level 10 in Fire Magic
 14861 | Lair:1   | Reached skill level 1 in Ice Magic
 15421 | Lair:2   | Offered knowledge of Fulminant Prism by Vehumet.
 15422 | Lair:2   | Reached skill level 10 in Spellcasting
 15425 | Lair:2   | Noticed a five-headed hydra
 15431 | Lair:2   | Killed a five-headed hydra
 15509 | Lair:2   | Found a staircase to the Snake Pit.
 15576 | Lair:2   | Noticed a six-headed hydra
 15581 | Lair:2   | Noticed Harold
 15586 | Lair:2   | Killed a six-headed hydra
 15592 | Lair:2   | Killed Harold
 15593 | Lair:2   | Noticed a five-headed hydra
 15601 | Lair:2   | Killed a five-headed hydra
 16253 | Lair:3   | Noticed a catoblepas
 16261 | Lair:3   | Noticed an eight-headed hydra
 16349 | Lair:3   | Gained mutation: You have a pair of large antennae on your
                  | head. (SInv) [demonic ancestry]
 16349 | Lair:3   | Reached XP level 13. HP: 95/95 MP: 25/27
 16922 | Lair:3   | Noticed Gastronok
 17530 | Lair:3   | Killed Gastronok
 17531 | Lair:3   | Reached skill level 11 in Fire Magic
 17987 | Lair:4   | Found a staircase to the Swamp.
 17994 | Lair:4   | Offered knowledge of Lightning Bolt by Vehumet.
 18402 | Lair:4   | Noticed Rupert
 18719 | Lair:4   | Reached skill level 5 in Ice Magic
 18762 | Lair:4   | Killed Rupert
 19429 | Lair:5   | Found a frozen archway.
 19444 | IceCv    | Entered an ice cave
 19660 | IceCv    | Found an ancient bone altar of Kikubaaqudgha.
 19666 | IceCv    | Reached XP level 14. HP: 106/106 MP: 29/29
 20136 | Lair:5   | Found a viscous altar of Jiyva.
 20136 | Lair:5   | Found a staircase to the Slime Pits.
 20694 | Lair:6   | Entered Level 6 of the Lair of Beasts
 20965 | Lair:6   | Reached skill level 12 in Fire Magic
 20967 | Lair:6   | Reached ****** piety under Vehumet
 21274 | Lair:6   | Offered knowledge of Fireball by Vehumet.
 21690 | Lair:6   | Identified the ring "Wiqy" {EV+4 Int+4}
 21694 | Lair:6   | Learned a level 5 spell: Fireball
 21702 | Lair:6   | Learned a level 7 spell: Ozocubu's Refrigeration
 21780 | Lair:6   | Identified the +10 war axe "Qysele" {vorpal, *Corrode rPois
                  | rN+}
 23389 | D:12     | Reached skill level 10 in Fighting
 23389 | D:12     | Reached XP level 15. HP: 107/115 MP: 31/31
 23541 | D:12     | Identified a scroll of acquirement
 23541 | D:12     | Acquired the ring of Zaypsehu {rF+ rC+ AC+4}
 23995 | D:12     | Offered knowledge of Iskenderun's Battlesphere by Vehumet.
 24004 | D:12     | Noticed Azrael
 24610 | D:13     | You fall into a shaft and drop 1 floor!
 24843 | D:14     | Found a gate to the Vaults.
 24941 | D:14     | Found Garrabimn's Antique Weapon Boutique.
 24953 | D:14     | Reached skill level 10 in Dodging
 25335 | D:15     | Entered Level 15 of the Dungeon
 25782 | D:14     | Reached skill level 13 in Fire Magic
 25831 | D:14     | Noticed Frances
 25840 | D:14     | Killed Frances
 26236 | D:14     | Mangled by a death knight

Illustrated notes

Levels and vault maps discovered:
D:1:      dpeg_arrival_court, layout_basic, serial_shops, shop,
          ebering_ecumenical_altar_webs, minmay_distorted
D:2:      layout_loops_ring, basic_altar
D:3:      layout_loops_ring, mainiacjoe_overflow_concentric_impassable,
          elyvilon_altar_1, minmay_hedge_maze, chequers_hall_statues_corner_a,
          amcnicky_mini_pool_small, st_stairs_9, uniq_grinder
D:4:      layout_cave_pools, nicolae_overflow_hidden_temple, minivault_4,
          minmay_goblin_kobold_house, uniq_natasha
D:5:      layout_loops_corners, fedhas_ov_isle_minmay, old_standard_altar,
          serial_shops, shop
D:6:      layout_loops_corners, mainiacjoe_overflow_catwalk_spiral,
          portal_sewer_entry_e, kennysheep_path_1, uniq_prince_ribbit1,
          uniq_pikel
D:7:      layout_basic, minmay_temple_entry_enclosed_plants, serial_shops,
          nicolae_shop_window_shopping
D:8:      layout_loops_corners, nicolae_wu_jian_glorious_leap,
          mainiacjoe_overflow_boulevard
D:9:      layout_cross, zin_statuary, xom_confusion_cloud,
          minmay_tree_intersection, worms_lemuel
D:10:     layout_basic, yredelemnul_altar_generic, serial_bayou_pond_c
D:11:     layout_roguey, due_lair_maze_entry_diamond, uniq_fannar
D:12:     layout_irregular_city, zombieorc2_lemuel, nzn_random_ring,
          uniq_azrael, uniq_snorg
D:13:     layout_long_grid, special_room [special_room_bee]
D:14:     layout_grid_maze, hangedman_vaults_entry_quadrant_bands,
          hangedman_decor_push, serial_shops, nicolae_square_shop,
          minmay_misc_feat_square, minmay_misc_feat_rugged,
          minmay_misc_feat_ornament, uniq_frances
D:15:     grunt_enter_depths_magical_seal, layout_gridville,
          minmay_misc_feat_plants, uniq_louise
Lair:1:   layout_gridlike, serial_bayou_lake_a
Lair:2:   layout_chaotic_city, guppyfry_snake_entry_island, forest_entry_grove,
          lemuel_fruit_fields, uniq_harold
Lair:3:   layout_cave_pods, uniq_gastronok
Lair:4:   layout_regular_city, swamp_mist, uniq_rupert
Lair:5:   layout_roguey, slime_altar_1, portal_ice_cave_entry_ice_simulacra
Lair:6:   due_jungle_book, layout_cave_shapes, grunt_megastairs_1,
          serial_bayou_shore_a

Skill      XL: |  1  2  3  4  5  6  7  8  9 10 11 12 13 14 15 |
---------------+----------------------------------------------+-----
Fire Magic     | 3 4 5 6 8 9 10 11 12 13 | 13.0
Conjurations   | 2 3 4 5 6 8 9 10 | 10.4
Spellcasting   | 3 4 5 6 7 8 9 10 11 12 | 12.9
Dodging        | 3 5 6 8 9 10 | 10.3
Fighting       | 2 5 6 8 10 | 10.9
Armour         | 2 4 5 |  5.0
Ice Magic      | 3 5 7 8 |  8.7
Stealth        | |  1.7

Action                   |  1- 3 |  4- 6 |  7- 9 | 10-12 | 13-15 || total
-------------------------+-------+-------+-------+-------+-------++-------
Melee: Unarmed           |    35 |       |       |       |       ||    35
       Dagger            |       |    26 |    27 |       |     7 ||    60
       Hand axe          |       |     1 |       |       |       ||     1
       Staff             |       |       |     4 |    14 |    71 ||    89
 Cast: Foxfire           |    92 |   146 |   207 |   366 |   375 ||  1186
       Scorch            |       |       |    51 |    60 |   137 ||   248
       Flame Wave        |       |       |     4 |    40 |   119 ||   163
       Fireball          |       |       |       |       |     4 ||     4
       Ozocubu's Refrige |       |       |       |       |     2 ||     2
  Use: Scroll            |       |       |     5 |       |     7 ||    12
       Potion            |       |       |       |       |     1 ||     1
 Stab: Sleeping          |       |       |     1 |       |       ||     1
Armor: Robe              |     7 |     3 |    23 |    23 |   124 ||   180
Dodge: Dodged            |    42 |    20 |    56 |   126 |   395 ||   639
Block: Other             |       |     9 |    23 |    35 |       ||    67
       Reflection        |       |       |     1 |     5 |       ||     6

Table legend: (Time is in decaauts)
 A = Elapsed time spent in this place.
 B = Non-inter-level travel time spent in this place.
 C = Inter-level travel time spent in this place.
 D = Time resting spent in this place.
 E = Time spent auto-exploring this place.
 F = Levels seen in this place.
 G = Mean time per level.
                   A        B        C        D        E       F      G
               +--------+--------+--------+--------+--------+-----+--------+
         Total |  26399 |  24959 |   1440 |    822 |  19708 |  23 | 1147.8 |
       Dungeon |  16600 |  15636 |    964 |    216 |  12759 |  15 | 1106.7 |
          Lair |   8503 |   8028 |    475 |    606 |   6121 |   6 | 1417.2 |
         Sewer |    670 |    670 |      0 |      0 |    548 |   1 |  670.0 |
      Ice Cave |    624 |    624 |      0 |      0 |    279 |   1 |  624.0 |
               +--------+--------+--------+--------+--------+-----+--------+

Top non-repeatable levels by time:
  Lair:6: 1869 daAuts
  Lair:3: 1716 daAuts
     D:1: 1692 daAuts
     D:6: 1640 daAuts
    D:14: 1617 daAuts
     D:4: 1572 daAuts
  Lair:4: 1418 daAuts
     D:8: 1394 daAuts
  Lair:5: 1304 daAuts
     D:5: 1302 daAuts
     D:3: 1178 daAuts
  Lair:2: 1124 daAuts
    D:12: 1110 daAuts
  Lair:1: 1070 daAuts
    D:10: 1013 daAuts
